 Dungeon Crawl Stone Soup version 0.16.2-12-gd0ad4c3 (webtiles) character file.

9530 faibistes the Thaumaturge (level 11, 0/59 HPs)
             Began as a Deep Elf Wizard on Jan 19, 2019.
             Was a High Priest of Sif Muna.
             Killed by Ozocubu's Refrigeration
             ... invoked by Fannar
              (19 damage)
             ... on level 10 of the Dungeon.
             The game lasted 00:53:51 (18393 turns).

faibistes the Thaumaturge (Deep Elf Wizard)        Turns: 18393, Time: 00:53:51

Health: 0/59       AC:  8    Str:  4    XL:     11   Next: 24%
Magic:  27/33      EV: 17    Int: 27    God:    Sif Muna [*****.]
Gold:   335        SH:  0    Dex: 17    Spells: 6 memorised, 20 levels left

rFire  + + .     SeeInvis +     p - +5 short sword (drain)
rCold  x . .     Clarity  +     R - +2 robe {rF+}
rNeg   . . .     SustAb   .     (no shield)
rPois  .         Gourm    .     b - +0 hat
rElec  .         Spirit   .     K - +0 cloak {+Inv}
rCorr  .         Warding  .     O - +2 pair of gloves "Loacy" {rF+ rC- Dex+4} (curse)
rMut   .         Stasis   .     (no boots)
MR     +....                    n - amulet of clarity
Stlth  +++.......               o - ring of see invisible
                                y - ring of stealth

@: repel missiles, somewhat resistant to hostile enchantments, fairly stealthy
A: no striking features
a: Channel Energy, Forget Spell, Renounce Religion, Evoke Invisibility


You were on level 10 of the Dungeon.
You worshipped Sif Muna.
Sif Muna was extremely pleased with you.
You were hungry.

You visited 2 branches of the dungeon, and saw 12 of its levels.
You also visited: Ossuary.

You collected 709 gold pieces.
You spent 374 gold pieces at shops.

Inventory:

Hand weapons
 p - a +5 short sword of draining (weapon)
 B - a +2 dagger of speed
 P - the +1 trident "Osalal Facsy" {pierce, -Tele rN+ Str+4}
   (You found it on level 9 of the Dungeon)

   It inflicts extra damage upon your enemies.
   It affects your strength (+4).
   It protects you from negative energy.
   It prevents most forms of teleportation.
Armour
 a - a +0 robe
 b - a +0 hat (worn)
 m - a +0 pair of gloves
 v - a +0 cloak
 K - a +0 cloak of invisibility (worn)
 O - the cursed +2 pair of gloves "Loacy" (worn) {rF+ rC- Dex+4}
   (You bought it in a shop on level 9 of the Dungeon)

   It affects your dexterity (+4).
   It protects you from fire.
   It makes you vulnerable to cold.
   It has a curse placed upon it.
 R - a +2 robe of fire resistance (worn)
Jewellery
 n - an amulet of clarity (around neck)
 o - a ring of see invisible (right hand)
 y - a ring of stealth (left hand)
 C - an uncursed ring of sustain abilities
 H - an uncursed ring of ice
 I - an uncursed ring of wizardry
Magical devices
 w - a wand of random effects (6)
 D - a wand of magic darts (31)
 G - a wand of disintegration (5)
 J - a wand of frost (20)
 N - a wand of draining (6)
Scrolls
 h - 2 scrolls of amnesia
 k - 2 scrolls of fog
 l - 2 scrolls of blinking
 q - 5 scrolls of remove curse
Potions
 e - a potion of heal wounds
 f - 5 potions of curing
 g - a potion of resistance
 i - 2 potions of agility {unknown}
 j - 2 potions of restore abilities
 s - 2 potions of magic
 t - a potion of mutation {unknown}
 u - 3 potions of cure mutation
 x - a potion of haste {unknown}
 z - a potion of berserk rage {unknown}
 E - 4 potions of might
 L - a potion of brilliance {unknown}
 M - a potion of beneficial mutation {unknown}
Books
 c - a book of Minor Magic

   Spells                             Type                      Level
   a - Magic Dart                     Conjuration                  1
   b - Blink                          Translocation                2
   c - Call Imp                       Summoning                    2
   d - Repel Missiles                 Charms/Air                   2
   e - Slow                           Hexes                        2
   f - Conjure Flame                  Conjuration/Fire             3
   g - Mephitic Cloud                 Conjuration/Poison/Air       3
Comestibles
 d - 4 bread rations
 r - 7 meat rations
 A - 10 fruits
 F - a slice of pizza
 Q - 10 chunks of flesh


   Skills:
 + Level 2.6 Fighting
 + Level 6.9 Dodging
 - Level 2.4 Stealth
 * Level 11.7 Spellcasting
 + Level 7.8 Conjurations
 + Level 5.5 Charms
 - Level 1.1 Summonings
 + Level 5.0 Translocations
 * Level 7.0 Fire Magic
 - Level 4.0 Air Magic
 - Level 3.1 Poison Magic
 * Level 5.6 Invocations
 + Level 4.0 Evocations


You had 20 spell levels left.
You knew the following spells:

 Your Spells              Type           Power        Failure   Level  Hunger
a - Magic Dart            Conj           ####         1%          1    None
b - Conjure Flame         Conj/Fire      ######..     1%          3    None
c - Call Imp              Summ           ###.....     3%          2    None
d - Blink                 Tloc           N/A          1%          2    None
e - Mephitic Cloud        Conj/Pois/Air  #####...     1%          3    None
f - Repel Missiles        Chrm/Air       #####.       1%          2    None


Dungeon Overview and Level Annotations

Branches:
Dungeon (11/15)            Temple (1/1) D:5            Lair (0/8) D:10
    Orc (0/4) D:10

Altars:
Ashenzari
Cheibriados
Dithmenos
Elyvilon
Fedhas
Gozag
Kikubaaqudgha
Makhleb
Nemelex Xobeh
Okawaru
Qazlal
Ru
Sif Muna
Trog
Vehumet
Xom
Yredelemnul
Zin
The Shining One

Shops:
D:8 [   D:9 *

Annotations:
D:8 exclusion: 2 oklob saplings
D:10 Fannar, Maurice


Message History

You see here a flail.
You see here a club.
Casting: Magic Dart
Confirm with . or Enter, or press ? or * to list all spells.
Aiming: Conjure Flame
Press: ? - help, Dir - move target cursor The fire roars!
Fannar gestures wildly while chanting.
Fannar drains the heat from the surrounding environment!
You feel a terrible chill!
You feel very cold.
Fannar is frozen.
Fannar resists.
Casting: Conjure Flame
Confirm with . or Enter, or press ? or * to list all spells.
Aiming: Conjure Flame
Press: ? - help, Dir - move target cursor The fire roars!
Fannar casts a spell.
Fannar drains the heat from the surrounding environment!
You feel a terrible chill!
You feel very cold.
You die...

##.##.#)###)###
#.##.)###..# #.#
#....).)..(# #.###
##########.# #...#
#.(.).# #.#.##
#§###.####(..#### #e#
#.#....8....# #§#
#.#.........# #@#
###.........# #.#
##.........## ##.#
#............ #..#
##............ #)##
#..8...>...8).
######.####............#
#......)...............#
#.####.######.........#.
#.# #.# #.........##


You could see Fannar.

Vanquished Creatures
  Erolcha (D:8)
  A hill giant (D:10)
  A gargoyle (D:10)
  A troll (D:9)
  A hippogriff (D:8)
  3 wandering mushrooms (D:8)
  3 wyverns
  Grum (D:10)
  A steam dragon (D:10)
  4 wolves (D:10)
  4 hungry ghosts
  2 wargs (D:10)
  Edmund (D:8)
  Menkaure (Ossuary)
  A water moccasin (D:8)
  3 orc warriors
  2 black bears
  3 phantoms
  2 ogres (D:9)
  A sky beast (D:6)
  3 centaurs
  An ice beast (D:8)
  2 big kobolds
  Duvessa (D:5)
  A gnoll sergeant (D:5)
  Blork the orc (D:4)
  2 elf skeletons (D:4)
  7 giant frogs
  A water moccasin zombie (D:5)
  4 scorpions
  4 killer bees
  3 troll zombies
  8 wights
  3 crimson imps (D:8)
  Dowan (D:5)
  9 hounds
  3 giant frog zombies
  A centaur zombie (D:9)
  3 jellies
  3 human zombies
  3 centaur skeletons
  5 orc priests
  9 orc wizards
  A worker ant (D:8)
  Natasha (thrice) (D:3)
  A human skeleton (D:4)
  3 iguanas
  10 ogre zombies
  7 mummies
  13 adders
  5 gnolls
  2 shadow imps
  3 giant mites
  A white imp (D:8)
  A worm (D:2)
  5 adder zombies (Ossuary)
  An ooze (D:4)
  41 orcs
  11 hobgoblins
  11 jackals
  3 quokkas
  3 ball pythons
  14 bats
  5 giant cockroaches
  A giant cockroach zombie (D:6)
  5 giant geckos
  5 giant newts
  12 goblins
  A goblin skeleton (D:10)
  4 goblin zombies
  10 hobgoblin zombies
  A jackal zombie (D:6)
  32 kobolds
  2 kobold zombies (Ossuary)
  4 orc skeletons
  16 orc zombies
  4 quokka zombies (Ossuary)
  16 rats
  4 rat zombies (Ossuary)
  A butterfly (D:5)
377 creatures vanquished.

Vanquished Creatures (collateral kills)
  A hound (D:5)
  An orc wizard (D:5)
  An orc (D:5)
  A jackal (D:5)
4 creatures vanquished.

Grand Total: 381 creatures vanquished

Notes
Turn   | Place    | Note
--------------------------------------------------------------
     0 | D:1      | faibistes, the Deep Elf Wizard, began the quest for the Orb.
     0 | D:1      | Reached XP level 1. HP: 10/10 MP: 6/6
   309 | D:1      | Reached XP level 2. HP: 15/15 MP: 6/9
   313 | D:1      | Learned a level 2 spell: Blink
   316 | D:1      | Learned a level 2 spell: Call Imp
  1155 | D:2      | Reached skill level 5 in Spellcasting
  1384 | D:2      | Reached XP level 3. HP: 19/19 MP: 10/14
  1389 | D:2      | Learned a level 3 spell: Conjure Flame
  1393 | D:2      | Learned a level 3 spell: Mephitic Cloud
  1489 | D:3      | Noticed a centaur
  1992 | D:3      | Killed a centaur
  1992 | D:3      | Reached XP level 4. HP: 10/24 MP: 1/18
  1997 | D:3      | Learned a level 2 spell: Repel Missiles
  2326 | D:2      | Reached skill level 6 in Spellcasting
  2366 | D:2      | Reached XP level 5. HP: 28/28 MP: 16/20
  2764 | D:3      | Noticed Natasha
  2797 | D:3      | Killed Natasha
  3606 | D:4      | Found a blossoming altar of Fedhas.
  3650 | D:4      | Found a glowing silver altar of Zin.
  3651 | D:4      | Found a deep blue altar of Sif Muna.
  3651 | D:4      | Found a bloodstained altar of Trog.
  3651 | D:4      | Found a shimmering altar of Xom.
  3651 | D:4      | Found a basalt altar of Yredelemnul.
  3657 | D:4      | Became a worshipper of Sif Muna the Loreminder
  3706 | D:4      | Reached XP level 6. HP: 28/32 MP: 19/22
  3752 | D:4      | Found a sand-covered staircase.
  3829 | Ossuary  | Entered an ossuary
  4268 | Ossuary  | Reached skill level 7 in Spellcasting
  4441 | Ossuary  | Noticed Menkaure
  4460 | Ossuary  | HP: 1/32 [Menkaure/nerve-wracking pain (7)]
  4463 | Ossuary  | Killed Menkaure
  4463 | Ossuary  | Reached skill level 1 in Fire Magic
  4463 | Ossuary  | Reached skill level 1 in Air Magic
  4463 | Ossuary  | Reached skill level 1 in Poison Magic
  4463 | Ossuary  | Reached XP level 7. HP: 28/36 MP: 1/25
  4677 | Ossuary  | Acquired Sif Muna's first power
  5319 | D:3      | Noticed Natasha
  5331 | D:3      | Killed Natasha
  5517 | D:3      | Found a bloodstained altar of Trog.
  5605 | D:4      | Noticed Blork the orc
  5629 | D:4      | Killed Blork the orc
  5629 | D:4      | Reached skill level 5 in Conjurations
  5732 | D:3      | Noticed Natasha
  5734 | D:3      | Killed Natasha
  5951 | D:5      | Entered Level 5 of the Dungeon
  6185 | D:5      | Noticed Dowan
  6186 | D:5      | Noticed Duvessa
  6237 | D:4      | Reached XP level 8. HP: 14/41 MP: 1/27
  6469 | D:4      | Reached skill level 8 in Spellcasting
  6678 | D:5      | Killed Duvessa
  6678 | D:5      | Acquired Sif Muna's second power
  6684 | D:5      | Killed Dowan
  7623 | D:5      | Found a staircase to the Ecumenical Temple.
  7629 | Temple   | Entered the Ecumenical Temple
  8372 | D:5      | Reached skill level 5 in Dodging
  8605 | D:6      | Reached skill level 9 in Spellcasting
  9065 | D:6      | Reached XP level 9. HP: 45/45 MP: 22/29
  9368 | D:7      | Reached skill level 1 in Charms
  9368 | D:7      | Reached skill level 1 in Invocations
 10122 | D:7      | Reached skill level 1 in Evocations
 10683 | D:8      | Reached skill level 5 in Fire Magic
 10792 | D:8      | Found a shattered altar of Ashenzari.
 11105 | D:8      | Reached skill level 1 in Fighting
 11105 | D:8      | Reached skill level 10 in Spellcasting
 11700 | D:8      | Acquired Sif Muna's third power
 11779 | D:8      | Noticed Erolcha
 11781 | D:8      | Found Twueshoe's Antique Armour Shoppe.
 11801 | D:8      | Killed Erolcha
 11801 | D:8      | Reached XP level 10. HP: 52/52 MP: 14/31
 11805 | D:8      | Found a shimmering altar of Xom.
 11822 | D:8      | Bought an embroidered cloak for 108 gold pieces
 11971 | D:8      | Noticed Edmund
 12001 | D:8      | Killed Edmund
 12987 | D:8      | Found a blossoming altar of Fedhas.
 14812 | D:9      | Found Doovot's Assorted Antiques.
 14816 | D:9      | Bought a pair of smoking gloves for 266 gold pieces
 14826 | D:9      | Identified the +2 pair of gloves "Loacy" {rF+ rC- Dex+4} (You bought it in a shop on level 9 of the Dungeon)
 14920 | D:9      | Found a deep blue altar of Sif Muna.
 14975 | D:10     | Entered Level 10 of the Dungeon
 15280 | D:9      | Reached skill level 11 in Spellcasting
 15327 | D:9      | Got a twisted trident
 15328 | D:9      | Identified the +1 trident "Osalal Facsy" {pierce, -Tele rN+ Str+4} (You found it on level 9 of the Dungeon)
 15993 | D:10     | Noticed Maurice
 16511 | D:10     | Reached skill level 5 in Invocations
 16561 | D:10     | Found a staircase to the Orcish Mines.
 16902 | D:10     | Reached skill level 5 in Charms
 17065 | D:10     | Noticed Grum
 17080 | D:10     | Reached XP level 11. HP: 53/58 MP: 23/33
 17093 | D:10     | Killed Grum
 17096 | D:10     | Noticed a hill giant
 17106 | D:10     | Killed a hill giant
 17476 | D:10     | Reached skill level 5 in Translocations
 17773 | D:10     | Found a staircase to the Lair.
 17927 | D:10     | Noticed Fannar
 18393 | D:10     | Killed from afar by Fannar

Action                   |  1- 3 |  4- 6 |  7- 9 | 10-12 || total
-------------------------+-------+-------+-------+-------++-------
Melee: Short sword       |     4 |    13 |    81 |    93 ||   191
       Dagger            |       |    13 |    30 |       ||    43
 Cast: Magic Dart        |    79 |   110 |   404 |   485 ||  1078
       Mephitic Cloud    |     2 |     1 |    26 |    26 ||    55
       Repel Missiles    |       |     3 |     2 |     1 ||     6
       Conjure Flame     |       |    17 |    51 |    62 ||   130
       Call Imp          |       |       |     5 |       ||     5
       Blink             |       |       |     6 |    15 ||    21
Invok: Channel Energy    |       |       |     8 |     5 ||    13
Evoke: Wand              |       |       |       |    14 ||    14
  Use: Scroll            |       |     7 |    18 |     1 ||    26
       Potion            |       |     1 |       |     2 ||     3
 Stab: Sleeping          |       |     1 |     2 |     2 ||     5
       Confused          |       |       |     6 |     7 ||    13
  Eat: Chunk             |     2 |     7 |    21 |    19 ||    49
       Beef jerky        |       |     1 |       |       ||     1
       Pizza             |       |       |     1 |       ||     1
       Fruit             |       |       |     1 |     3 ||     4
